 Dungeon Crawl Stone Soup version 0.27-a0-1202-ge72e49191c (webtiles) character file.

Game seed: 11023099642051257047

44 Delamore the Shield-Bearer (level 3, 0/30 HPs)
             Began as a Formicid Fighter on June 2, 2021.
             Slain by a worm (5 damage)
             ... on level 2 of the Dungeon.
             The game lasted 00:02:09 (1166 turns).

Delamore the Shield-Bearer (Formicid Fighter)       Turns: 1166, Time: 00:02:10

Health: 0/30       AC:  7    Str: 21    XL:     3   Next: 87%
Magic:  3/3        EV:  8    Int:  7    God:
Gold:   85         SH:  9    Dex: 10    Spells: 2/2 levels left

rFire    . . .     SeeInvis +   i - +0 spear (vamp)
rCold    . . .     Faith    .   c - +0 kite shield
rNeg     . . .     Spirit   .   b - +0 scale mail
rPois    .         Reflect  .   (helmet unavailable)
rElec    .         Harm     .   (no cloak)
rCorr    .         Rampage  .   (no gloves)
Will     .....                  (no boots)
Stlth    ..........             (no amulet)
HPRegen  0.10/turn              (no ring)
MPRegen  0.08/turn              (no ring)

@: no status effects
A: permanent stasis, dig shafts and tunnels, antennae 3, four strong arms
a: Dig, Shaft Self


You were on level 2 of the Dungeon.
You visited 1 branch of the dungeon, and saw 2 of its levels.

You collected 85 gold pieces.

Inventory:

Hand Weapons
 a - a +0 trident
 i - a +0 vampiric spear (weapon)
Armour
 b - a +0 scale mail (worn)
 c - a +0 kite shield (worn)
Scrolls
 e - a scroll of fear {unknown}
 f - a scroll of identify {unknown}
 g - a scroll of blinking {unknown}
Potions
 d - 2 potions of might
 h - a potion of curing {unknown}


   Skills:
 + Level 3.8 Fighting
 + Level 2.5 Polearms
 + Level 3.7 Armour
 + Level 4.1 Shields


You had 2 spell levels left.
You didn't know any spells.
Your spell library was empty.

Dungeon Overview and Level Annotations

Branches:
Dungeon (2/15)

Altars:


Innate Abilities, Weirdness & Mutations

You cannot be hasted, slowed, berserked, paralysed or teleported.
You can dig through walls and to a lower floor.
You have a pair of large antennae on your head. (SInv)
Your four strong arms can wield two-handed weapons with a shield.


Message History

You are too injured to fight recklessly!
You are too injured to fight recklessly!
You are too injured to fight recklessly!
You are too injured to fight recklessly!
You are too injured to fight recklessly!
You are too injured to fight recklessly!
You are too injured to fight recklessly!
You are too injured to fight recklessly!
You are too injured to fight recklessly!
You are too injured to fight recklessly!
You are too injured to fight recklessly!
You are too injured to fight recklessly!
You are too injured to fight recklessly!
You are too injured to fight recklessly!
You are too injured to fight recklessly!
You are too injured to fight recklessly!
You are too injured to fight recklessly!
There is an open door here.
Reach: i) +0 spear (vamp)
Press: ? - help, Dir - move target, f - worm, p - worm
Aim: a worm (about 21% to evade your +0 vampiric spear)
You reach to attack!
You barely miss the worm.
Reach: i) +0 spear (vamp)
Press: ? - help, Dir - move target, f/p - worm
Aim: a worm (about 21% to evade your +0 vampiric spear)
You completely miss the worm. You barely miss the worm.
You block the worm's attack.
You hit the worm.
The worm is moderately wounded.
You hit the worm but do no damage.
The worm is moderately wounded.
The worm bites you.
You barely miss the worm.
The worm is moderately wounded.
The worm bites you!
* * * LOW HITPOINT WARNING * * *
You barely miss the worm.
The worm is lightly wounded.
The worm bites you.
You die...

##...##......## #...#.!
#...####......##...##.#
#...# ##......#...#?.
...## {##........##.#
...# ##.......#..##
..## ##.....##... ..#
{##....#..## .##
{##..##...# .+
{##.@ww#..$#
############# ######
### ............#
.##..#####... .##..#
.##..# ###..#
.....########
...#.........


You could see 2 worms.

Vanquished Creatures
  A ball python (D:1)
  5 bats (D:1)
  4 endoplasms (D:1)
  5 goblins
  6 hobgoblins (D:1)
  9 jackals
  A quokka (D:1)
  2 frilled lizards
  A kobold (D:1)
34 creatures vanquished.

Notes
Turn   | Place    | Note
-------+----------+-------------------------------------------
     0 | D:1      | Delamore the Formicid Fighter began the quest for the Orb.
     0 | D:1      | Reached XP level 1. HP: 18/18 MP: 1/1
   110 | D:1      | Reached XP level 2. HP: 19/24 MP: 2/2
   454 | D:1      | Reached XP level 3. HP: 29/29 MP: 3/3
   483 | D:1      | Reached skill level 4 in Shields
   658 | D:1      | Found a faded altar of an unknown god.
  1166 | D:2      | Slain by a worm

Illustrated notes

Levels and vault maps discovered:
D:1:      giann_wishing_wells, layout_loops_ring,
          shapermc_ecumenical_altar_mp_highgroup
D:2:      minmay_razor_zed, layout_basic, minmay_hedge_maze,
          uniq_crazy_yiuf_cottage

Skill      XL: |  1  2  3 |
---------------+----------+-----
Shields        | 4 |  4.1
Fighting       | |  3.8
Polearms       | |  2.5
Armour         | |  3.7

Action                   || total
-------------------------++-------
Melee: Trident           ||   108
       Spear             ||    22
Armor: Scale mail        ||    57
Dodge: Dodged            ||    52
Block: Kite shield       ||    86

Table legend: (Time is in decaauts)
 A = Elapsed time spent in this place.
 B = Non-inter-level travel time spent in this place.
 C = Inter-level travel time spent in this place.
 D = Time resting spent in this place.
 E = Time spent auto-exploring this place.
 F = Levels seen in this place.
 G = Mean time per level.
                   A        B        C        D        E       F      G
               +--------+--------+--------+--------+--------+-----+--------+
         Total |   1207 |   1176 |     31 |    148 |    771 |   2 |  603.5 |
       Dungeon |   1207 |   1176 |     31 |    148 |    771 |   2 |  603.5 |
               +--------+--------+--------+--------+--------+-----+--------+

Top non-repeatable levels by time:
     D:1: 1006 daAuts
     D:2: 201 daAuts
